 Dungeon Crawl Stone Soup version 0.32-a0-898-g7811c86cf0 (webtiles) character file.

Game seed: 12321691795065220559

280029 Gadrel the Gelid (level 20, -5/147 HPs)
             Began as a Merfolk Enchanter on Apr 3, 2024.
             Was an Elder of Sif Muna.
             Slain by a +3 heavy dire flail (36 damage)
             ... on level 2 of the Elven Halls on Apr 4, 2024.
             The game lasted 02:58:49 (59277 turns).

Gadrel the Gelid (Merfolk Enchanter)               Turns: 59277, Time: 02:58:49

Health: -5/147     AC: 10    Str: 11    XL:     20   Next: 46%
Magic:  21/45      EV: 23    Int: 24    God:    Sif Muna [****..]
Gold:   952        SH: 10    Dex: 17    Spells: 8/43 levels left

rFire   + + .        b - staff "Efaez" {rF+ Fire Alchemy}
rCold   + . .        s - +0 buckler {reflect}
rNeg    . . .        Q - +2 robe {rC+ rF+}
rPois   .            c - +1 hat
rElec   +            w - +2 cloak "Xiasch" {MP+9 Int+3 Slay+2}
rCorr   .            P - +0 pair of gloves {hurl}
SInv    +            p - +0 pair of boots
Will    +....        W - amulet of reflection
Stlth   +++          A - +5 ring of evasion
HPRegen 0.44/turn    x - ring of the Death Scarab {rElec Dex+3 SInv}
MPRegen 0.29/turn

%: reflection
@: about to teleport, studying 2 skills
A: (nimble swimmer 2), mertail
}: 2/15 runes: serpentine, barnacled
a: Renounce Religion, Channel Magic, Forget Spell, Divine Exegesis


You were on level 2 of the Elven Halls.
You worshipped Sif Muna.
Sif Muna was greatly pleased with you.
You visited 7 branches of the dungeon, and saw 33 of its levels.
You also visited: Sewer, Gauntlet, Ice Cave and Desolation.

You collected 4080 gold pieces.
You spent 3128 gold pieces at shops.

Inventory:

Hand Weapons
 a - the +1 eveningstar "Brilliance" {foul flame, Umbra}
   (You took it off a ragged hierophant in the Desolation of Salt)

   Umbra:     It surrounds you with an aura of shadow, increasing your stealth
   and reducing the accuracy of all others within it.
Missiles
 l - 51 poisoned darts
 o - 32 curare-tipped darts
 T - 3 throwing nets {!d}
Armour
 c - a +1 hat (worn)
   (You bought it in a shop on level 6 of the Dungeon)
 p - a +0 pair of boots (worn)
   (You found it on level 3 of the Dungeon)
 s - a +0 buckler of reflection (worn)
   (You found it on level 1 of the Shoals)
 w - the +2 cloak "Xiasch" (worn) {MP+9 Int+3 Slay+2}
   (You acquired it on level 6 of the Dungeon)

   Int+3:     It affects your intelligence (+3).
   Slay+2:    It affects your accuracy & damage with ranged weapons and melee
   (+2).
   MP+9:      It affects your magic capacity (+9).
 P - a +0 pair of gloves of hurling (worn)
   (You found it on level 2 of the Shoals)
 Q - a +2 robe of resistance (worn)
   (You took it off a wight on level 9 of the Dungeon)
Magical Staves
 b - the staff "Efaez" (weapon) {rF+ Fire Alchemy}
   (You found it in a Gauntlet)

   [staff of fire]

   Base accuracy: +5 Base damage: 5 Base attack delay: 1.2 This weapon's minimum
   attack delay (0.6) is reached at skill level 12.
   rF+:       It protects you from fire.
   Fire:      It increases the power of your Fire spells.
   Alchemy:   It increases the power of your Alchemy spells.
   It falls into the 'Staves' category.
   It is a one-handed weapon.
Jewellery
 x - the ring of the Death Scarab (right hand) {rElec Dex+3 SInv}
   (You bought it in a shop on level 1 of the Snake Pit)

   [ring of see invisible]

   Dex+3:     It affects your dexterity (+3).
   rElec:     It insulates you from electricity.
   SInv:      It lets you see invisible.
 A - a +5 ring of evasion (left hand)
   (You found it on level 5 of the Lair of Beasts)
 W - an amulet of reflection (around neck)
   (You found it on level 2 of the Dungeon)
 Z - a ring of wizardry {Wiz+, !d}
   (You bought it in a shop on level 12 of the Dungeon)
Wands
 d - a wand of digging (14)
   (You bought it in a shop on level 1 of the Snake Pit)
 e - a wand of charming (10)
   (You found it on level 12 of the Dungeon)
 h - a wand of acid (2)
   (You found it in the Desolation of Salt)
 j - a wand of polymorph (23)
   (You took it off Grinder on level 3 of the Dungeon)
 r - a wand of warping (51)
   (You found it on level 4 of the Dungeon)
 y - a wand of mindburst (9)
   (You found it on level 5 of the Lair of Beasts)
Scrolls
 f - 10 scrolls of poison {!r}
 g - 2 scrolls of revelation
 n - 7 scrolls of fog
 t - 2 scrolls of brand weapon
 z - 11 scrolls of enchant armour
 D - a scroll of blinking {!r}
 E - 6 scrolls of fear
 K - 2 scrolls of immolation {!r}
 O - a scroll of silence
 V - 6 scrolls of vulnerability {!r!r}
 Y - 13 scrolls of teleportation {@r3}
Potions
 i - 2 potions of enlightenment
 B - 7 potions of brilliance
 G - a potion of ambrosia {!q}
 H - 6 potions of haste
 I - 3 potions of invisibility
 J - 11 potions of curing {@q1}
 L - 2 potions of cancellation
 M - a potion of magic
 N - 3 potions of heal wounds {@q2}
 R - 3 potions of resistance
 U - 11 potions of mutation {!q}
 X - a potion of might
Miscellaneous
 m - a phantom mirror
   (You found it on level 1 of the Shoals)
 u - a sack of spiders
   (You found it on level 11 of the Dungeon)
 v - a lightning rod (4/4)
   (You found it on level 4 of the Shoals)
 S - a Gell's gravitambourine (2/2)
   (You found it on level 3 of the Snake Pit)


   Skills:
 + Level 9.8 Fighting
 - Level 4.0 Short Blades
 - Level 6.0 Polearms
 + Level 12.8 Dodging
 - Level 4.0 Stealth
 - Level 5.0 Shields
 - Level 12.0 Spellcasting
 - Level 10.0 Conjurations
 - Level 6.0 Hexes
 - Level 1.0 Fire Magic
 + Level 19.5 Ice Magic
 - Level 3.0 Air Magic
 + Level 10.3 Earth Magic
 - Level 16.0 Alchemy
 + Level 14.9 Invocations
 - Level 5.0 Evocations


You had 8 spell levels left.
You knew the following spells:

 Your Spells              Type           Power      Damage    Failure   Level
a - Permafrost Eruption   Ice/Erth       36%        2x4d8     1%          6
b - Irradiate             Conj/Alch      43%        3d26      1%          5
d - Frozen Ramparts       Ice            100%       1d16      0%          3
f - Eringya's Noxious Bo  Alch           47%        4d6       1%          6
g - Ignite Poison         Fire/Alch      90%        N/A       1%          4
A - Ozocubu's Armour      Ice            83%        N/A       0%          3
S - Swiftness             Air            28%        N/A       4%          3
Y - Yara's Violent Unrav  Hex/Alch       39%        3d16      1%          5

Your spell library contained the following spells:

 Spells                   Type           Power      Damage    Failure   Level
 Freeze                   Ice            100%       1d10      0%          1
 Kiss of Death            Conj/Necr      100%       2d13      1%          1
 Sandblast                Erth           100%       2d20      1%          1
 Sting                    Conj/Alch      100%       1d9       1%          1
 Cigotuvi's Dreadful Rot  Necr/Alch/Air  100%       N/A       1%          2
 Ensorcelled Hibernation  Hex/Ice        100%       N/A       1%          2
 Jinxbite                 Hex            86%        N/A       1%          2
 Mercury Vapours          Alch/Air       100%       N/A       1%          2
 Searing Ray              Conj           100%       2d8       1%          2
 Confusing Touch          Hex            43%        N/A       1%          3
 Dazzling Flash           Conj/Hex       100%       N/A       1%          3
 Hailstorm                Conj/Ice       71%        3d12      1%          3
 Mephitic Cloud           Conj/Alch/Air  74%        N/A       1%          3
 Passwall                 Erth           59%        N/A       1%          3
 Sigil of Binding         Hex            43%        N/A       1%          3
 Stone Arrow              Conj/Erth      100%       3d13      1%          3
 Summon Ice Beast         Ice/Summ       57%        N/A       1%          3
 Tukima's Dance           Hex            43%        N/A       1%          3
 Brom's Barrelling Bould  Conj/Erth      58%        2d7       1%          4
 Fulminant Prism          Conj/Alch      43%        3d19      1%          4
 Leda's Liquefaction      Alch/Erth      43%        N/A       1%          4
 Olgreb's Toxic Radiance  Alch           95%        N/A       1%          4
 Petrify                  Alch/Erth      86%        N/A       1%          4
 Sticky Flame             Fire/Alch      90%        2d14      1%          4
 Freezing Cloud           Conj/Ice/Air   30%        6-21      1%          5
 Metabolic Englaciation   Hex/Ice        33%        N/A       1%          5
 Sculpt Simulacrum        Ice/Alch       49%        N/A       1%          6
 Ozocubu's Refrigeration  Ice            41%        4d16      1%          7
 Iskenderun's Battlesphe  Conj           58%        2d11      2%          5
 Lee's Rapid Deconstruct  Erth           29%        3d15*     2%          5
 Inner Flame              Hex/Fire       46%        N/A       4%          3
 Cause Fear               Hex            21%        N/A       4%          4
 Necrotise                Necr           56%        1d6       6%          1
 Flame Wave               Conj/Fire      57%        2d14      6%          4
 Iskenderun's Mystic Bla Conj/Tloc 38%            2d9        (+2d4     8%          4
 Call Imp                 Summ           28%        N/A       9%          2
 Lesser Beckoning         Tloc           28%        N/A       9%          2
 Volatile Blastmotes      Fire/Tloc      50%        2d14      14%         3
 Fugue of the Fallen      Necr           14%        N/A       17%         3
 Maxwell's Portable Pile  Tloc           14%        2d(6-17)  17%         3
 Teleport Other           Tloc           14%        N/A       17%         3
 Airstrike                Air            14%        2d(2-18)  17%         4
 Anguish                  Hex/Necr       14%        N/A       17%         4
 Fireball                 Conj/Fire      28%        3d12      17%         5
 Borgnjor's Vile Clutch   Necr/Erth      19%        N/A       21%         5
 Vhi's Electric Charge    Tloc/Air       42%        N/A       30%         4
 Summon Blazeheart Golem  Fire/Summ      25%        N/A       43%         4
 Summon Mana Viper        Hex/Summ       28%        N/A       43%         5
 Animate Dead             Necr           14%        N/A       50%         4
 Dispel Undead            Necr           14%        3d10      50%         4
 Conjure Ball Lightning   Conj/Air       22%        3x3d6     52%         6
 Orb of Destruction       Conj           29%        9d9       63%         7
 Starburst                Conj/Fire      28%        6d9       67%         6
 Summon Forest            Summ/Tloc      7%         N/A       85%         5
 Enfeeble                 Hex            21%        N/A       99%         7
 Lehudib's Crystal Spear  Conj/Erth      29%        10d8      99%         8
 Death Channel            Necr           7%         N/A       100%        6
 Dispersal                Tloc           7%         N/A       100%        6
 Gell's Gavotte           Tloc           7%         2d(14-21) 100%        6
 Haunt                    Necr/Summ      7%         N/A       100%        7
 Malign Gateway           Summ/Tloc      7%         N/A       100%        7
 Monstrous Menagerie      Summ           7%         N/A       100%        7
 Summon Hydra             Summ           7%         N/A       100%        7
 Borgnjor's Revivificati  Necr           7%         N/A       100%        8
 Discord                  Hex            21%        N/A       100%        8
 Polar Vortex             Ice            41%        12d5*     89%         9
 Death's Door             Necr           7%         N/A       100%        9
 Fire Storm               Conj/Fire      28%        8d7       100%        9


Dungeon Overview and Level Annotations

Branches:
Dungeon (15/15)            Temple (1/1) D:4            Lair (5/5) D:9
 Shoals (4/4) Lair:3        Snake (4/4) Lair:2        Slime (0/5) Lair:4
    Orc (2/2) D:10            Elf (2/3) Orc:2        Vaults (0/5) D:14
 Depths (0/4) D:15          Sewer (visited)           IceCv (visited)
Desolation (visited)      Gauntlet (visited)

Altars:
Ashenzari
Cheibriados
Dithmenos
Elyvilon
Fedhas
Gozag
Hepliaklqana
Kikubaaqudgha
Makhleb
Nemelex Xobeh
Okawaru
Qazlal
Ru
Sif Muna
Trog
Uskayaw
Vehumet
Wu Jian
Xom
Yredelemnul
Zin
The Shining One
Beogh
Jiyva

Shops:
D:6 [   D:12 (*[   D:14 :   Orc:2 ::(?(!(*   Shoals:1 :   Shoals:4 **
Snake:1 =*   Snake:2 *   Snake:3 !

Annotations:
D:14 1 runed translucent door, Qialy's ghost, journeyman OpFi
Lair:1 3 runed translucent doors, Biggs's ghost, journeyman CoHu


Innate Abilities, Weirdness & Mutations

((You are very nimble when in or above water. (Stealth+, EV+, Speed+++)))
Your lower body shifts to a powerful aquatic tail in water.


Message History

You regained 5 mp, and now have 14/45 mp.
Bitter cold erupts, blasting rock from the ceiling!
The mass of rock hits the deep elf blademaster!
Piercing cold boils outward!
The piercing cold hits the deep elf blademaster!!
The piercing cold hits the +4 glaive of venom.
The +4 glaive of venom resists.
The piercing cold hits the +4 dire flail of protection.
The +4 dire flail of protection resists.
The +2 heavy trident completely misses you.
A +5 vampiric halberd comes into view.
A +1 scimitar of flaming comes into view.
You now have 11/45 mp.
Bitter cold erupts, blasting rock from the ceiling!
The mass of rock hits the +2 heavy trident!
The +2 heavy trident falls from the air.
Sif Muna accepts your kill.
Piercing cold boils outward!
The piercing cold hits the +4 glaive of venom.
The +4 glaive of venom resists.
The piercing cold hits the deep elf blademaster!!
The piercing cold hits the +4 dire flail of protection.
The +4 dire flail of protection resists.
A +3 heavy dire flail comes into view.
You now have 10/45 mp.
Bitter cold erupts, blasting rock from the ceiling!
The mass of rock hits the +1 scimitar of flaming!!
Piercing cold boils outward!
The piercing cold hits the +1 scimitar of flaming.
The +1 scimitar of flaming resists.
The piercing cold hits the +3 heavy dire flail.
The +3 heavy dire flail resists.
The piercing cold hits the +5 vampiric halberd.
The +5 vampiric halberd resists.
You block the deep elf blademaster's attack.
The deep elf blademaster hits you with a +0 rapier!
The +4 dire flail of protection hits you!
The +4 glaive of venom misses you.
You block the deep elf blademaster's attack.
The deep elf blademaster completely misses you.
A +2 trident of freezing comes into view.
The +4 dire flail of protection misses you.
You take 20 damage, and have 46/146 hp.
You now have 8/45 mp.
Blink to where?
Press: ? - help, Dir - move target
As you read the scroll of blinking {!r}, it crumbles to dust.
You feel less invigorated.
You regained 5 mp, and now have 13/45 mp.
Your magical contamination has completely faded away.
You regained 3 mp, and now have 16/45 mp.
Bitter cold erupts, blasting rock from the ceiling!
The mass of rock hits the +4 dire flail of protection!!
Piercing cold boils outward!
The piercing cold hits the +4 dire flail of protection.
The +4 dire flail of protection resists.
The +4 dire flail of protection falls from the air.
Sif Muna accepts your kill.
The piercing cold hits the deep elf blademaster!!
You kill the deep elf blademaster!
Sif Muna accepts your kill.
Training target 5.0 for Evocations reached!
Your Evocations skill increases to level 5!
You now have 14/45 mp.
Bitter cold erupts, blasting rock from the ceiling!
The mass of rock hits the +1 scimitar of flaming.
Piercing cold boils outward!
The piercing cold hits the +1 scimitar of flaming.
The +1 scimitar of flaming resists.
The +1 scimitar of flaming falls from the air.
Sif Muna accepts your kill.
The piercing cold hits the +4 glaive of venom.
The +4 glaive of venom resists.
You hear a shout! x2
You now have 12/45 mp.
Bitter cold erupts, blasting rock from the ceiling!
The mass of rock misses the +5 vampiric halberd.
Piercing cold boils outward!
The piercing cold engulfs the +5 vampiric halberd.
The +5 vampiric halberd resists.
The piercing cold engulfs the +3 heavy dire flail.
The +3 heavy dire flail resists.
You now have 10/45 mp.
You regained 4 mp, and now have 14/45 mp.
You feel less invigorated.
You regained 6 mp, and now have 20/45 mp.
You feel much better.
You block the +5 vampiric halberd's attack.
The +3 heavy dire flail hits you!!
The +2 trident of freezing hits you from afar!
* * * LOW HITPOINT WARNING * * *
You take 19 damage, and have 31/147 hp.
As you read the scroll of teleportation {@r3}, it crumbles to dust.
You feel strangely unstable.
The +2 trident of freezing hits you from afar.
* * * LOW HITPOINT WARNING * * *
You block the +5 vampiric halberd's attack.
The +3 heavy dire flail closely misses you.
The +3 heavy dire flail attacks as it pursues you!
The +3 heavy dire flail hits you!!!
You die...

#### #>......#
#⌠...)).....#
...###'.....##
#).).).....##
....#)#.....#
#.........##
.....########
####))......## ......##
##### #.....).⌠..##
.......#
#...###....#######
.......#####...#..(...#
.......'.'......(#....#
.......###.....[@######
.......# #..[....# ###
......## ###...###
##.## .....## #...#
##...## ....## #####
#.....# ...#'## ##>..##
#####.## ##.#'## ##.##
####.## ##.## ### ##.##


You could see a +3 heavy dire flail.

Vanquished Creatures
  Vashnia (Snake:2)
  Bai Suzhen (Shoals:3)
  A deep elf blademaster (Elf:2)
  Kirke (D:12)
  A kraken (Shoals:4)
  Ilsuiw (Shoals:2)
  4 nagarajas
  Aizul (Snake:3)
  5 imperial myrmidons (Desolation)
  An orc warlord (Orc:2)
  A reaper (IceCv)
  A stone giant (D:15)
  A deep elf death mage (Elf:1)
  A minotaur (Gauntlet)
  4 merfolk javelineers
  An ettin (Orc:1)
  7 merfolk impalers
  A fire dragon (Lair:5)
  9 ragged hierophants (Desolation)
  6 peacekeepers (Desolation)
  4 servants of whispers (Desolation)
  11 hydras
  2 ogre magi
  2 salamander tyrants (Snake:4)
  A catoblepas (Lair:4)
  2 merfolk avatars (Shoals:2)
  12 dancing weapons
  10 anacondas
  A death knight (D:11)
  4 satyrs
  14 two-headed ogres
  9 centaur warriors
  A hell hog (Lair:5)
  6 merfolk aquamancers
  4 boulder beetles
  3 tengu warriors
  3 orc high priests (Orc:2)
  3 shock serpents
  3 death yaks (Lair:4)
  4 deep elf knights
  20 naga warriors
  15 naga sharpshooters
  Amaemon (D:11)
  4 sun demons
  3 salamander mystics (Snake:4)
  21 sea snakes
  6 deep elf archers
  4 skysharks
  12 mana vipers
  7 naga ritualists
  2 sun moths (Shoals:3)
  A lindwurm (Lair:5)
  2 thermic dynamos (Elf:1)
  A glowing orange brain (D:10)
  Pikel (D:9)
  3 ironbound convokers (Desolation)
  2 arcanists
  14 harpies
  8 orc knights
  10 deep elf pyromancers
  12 deep elf zephyrmancers
  10 salamanders
  The ghost of Rudyous the Chiller, a novice HuIE of Vehumet (D:6)
  4 necromancers
  A wolf spider (D:14)
  12 fauns
  23 manticores
  10 cyclopes
  2 ugly things
  4 orc sorcerers (Orc:2)
  3 elephants
  12 merfolk sirens
  An orc zombie (Orc:1)
  4 large abominations (Elf:1)
  6 meliai
  16 naga magi
  40 black mambas
  A meliai (shapeshifter) (D:11)
  A gargoyle (D:10)
  5 guardian serpents
  5 torpor snails (Lair:5)
  5 kobold blastminers
  8 water nymphs
  An orange demon (D:11)
  Jeremiah (D:6)
  2 minotaur zombies (Gauntlet)
  Maggie (D:7)
  7 cane toads
  7 unseen horror zombies (D:9)
  5 rime drakes
  An unseen horror (D:9)
  5 komodo dragons
  An orc skeleton (Orc:1)
  A freezing wraith (D:14)
  4 kobold demonologists
  4 tengu conjurers
  An anaconda simulacrum (IceCv)
  3 red devils (D:12)
  4 tyrant leeches (Lair:5)
  11 polar bears
  5 ice devils (IceCv)
  3 wind drakes (Shoals:4)
  8 trolls
  17 merfolk
  A hornet (shapeshifter) (D:11)
  Grinder (D:3)
  8 hornets (Lair:5)
  53 saltlings (Desolation)
  3 blink frogs (Lair:4)
  10 dream sheep
  4 raiju (Lair:5)
  3 snapping turtles
  15 slime creatures
  Sigmund (D:2)
  2 air elementals (Elf:2)
  A ynoxinul (Gauntlet)
  3 shadows
  5 water elementals
  8 wraiths
  4 wyverns
  A human (shapeshifter) (D:15)
  Eustachio (D:5)
  2 fire elementals
  2 basilisks
  52 yaks
  5 hogs (D:12)
  3 dire elephant simulacra (IceCv)
  12 wargs
  A neqoxec (Gauntlet)
  4 steam dragons
  The ghost of EvilEddieB the Grave Robber, an amateur DsNe (D:3)
  2 chaos spawn (Gauntlet)
  6 vampire mosquitoes
  52 nagas
  3 harpy simulacra (IceCv)
  3 hydra simulacra (IceCv)
  5 acid dragons
  10 hell hounds (Lair:5)
  11 water moccasins
  17 black bears
  2 ice beasts
  26 orc warriors
  21 wolves
  A crocodile (Lair:3)
  A sky beast (D:8)
  10 ogres
  14 centaurs
  8 kobold brigands
  2 lemures (D:9)
  4 elf zombies (Elf:1)
  2 phantoms
  Blork the orc (D:5)
  A brain worm (shapeshifter) (D:14)
  11 bullfrogs
  A two-headed ogre simulacrum (IceCv)
  A wyvern zombie (D:9)
  3 gnoll sergeants
  2 scorpions
  10 wights (D:9)
  A warg skeleton (Orc:1)
  An elephant simulacrum (IceCv)
  2 electric eels
  8 howler monkeys
  5 centaur zombies (D:9)
  5 quasits
  8 hounds
  A jelly (Lair:4)
  2 bombardier beetles
  4 gnoll boudas
  13 orc priests
  3 iron imps (Gauntlet)
  24 orc wizards
  A sleepcap (D:4)
  Terence (D:3)
  4 iguanas
  A troll simulacrum (IceCv)
  Ijyb (D:3)
  6 hell rats (Lair:3)
  A polar bear simulacrum (IceCv)
  Robin (D:4)
  23 gnolls
  3 adders (D:4)
  A naga simulacrum (IceCv)
  A river rat (D:4)
  7 shadow imps
  2 white imps
  3 ufetubi
  5 dart slugs
  2 ribbon worms (D:4)
  40 orcs
  5 ball pythons
  11 endoplasms
  2 giant cockroaches
  14 goblins
  11 hobgoblins
  6 jackals
  6 quokkas
  6 bats
  A frilled lizard (D:2)
  24 kobolds
  A kobold zombie (Sewer)
  6 rats
  2 tentacles (Shoals:4)
1274 creatures vanquished.

Vanquished Creatures (collateral kills)
  2 gnolls (D:6)
  A goblin (D:4)
3 creatures vanquished.

Vanquished Creatures (others)
  A salamander mystic (Snake:4)
  3 dancing weapons
  6 tentacles (Shoals:4)
10 creatures vanquished.

Grand Total: 1287 creatures vanquished

Notes
Turn   | Place    | Note
-------+----------+-------------------------------------------
     0 | D:1      | Gadrel the Merfolk Enchanter began the quest for the Orb.
     0 | D:1      | Reached XP level 1. HP: 13/13 MP: 3/3
   268 | D:1      | Reached XP level 2. HP: 19/19 MP: 5/5
   289 | D:1      | Reached skill level 2 in Short Blades
   292 | D:1      | Learned a level 2 spell: Ensorcelled Hibernation
   470 | D:1      | Reached skill level 4 in Stealth
   608 | D:1      | Reached skill level 1 in Ice Magic
   816 | D:2      | Reached XP level 3. HP: 11/24 MP: 1/6
  1353 | D:2      | Reached skill level 2 in Ice Magic
  1397 | D:2      | Noticed Sigmund
  1804 | D:3      | Found a transporter.
  1816 | D:3      | Found a transporter.
  1820 | D:3      | Noticed EvilEddieB's ghost (amateur DsNe)
  1840 | D:3      | Noticed Terence
  1930 | D:3      | Noticed Ijyb
  2158 | D:3      | Noticed Grinder
  2207 | D:2      | Learned a level 3 spell: Confusing Touch
  2225 | D:3      | Killed Grinder
  2226 | D:3      | Reached skill level 3 in Ice Magic
  2226 | D:3      | Reached skill level 1 in Fighting
  2226 | D:3      | Reached skill level 5 in Hexes
  2226 | D:3      | Reached XP level 4. HP: 20/32 MP: 4/7
  2226 | D:3      | Reached XP level 5. HP: 23/37 MP: 4/8
  2226 | D:3      | Reached XP level 6. HP: 27/43 MP: 4/9
  2232 | D:3      | Learned a level 3 spell: Tukima's Dance
  2891 | D:3      | Killed Ijyb
  2971 | D:4      | Reached skill level 3 in Short Blades
  2971 | D:4      | Reached skill level 1 in Evocations
  3151 | D:4      | Reached skill level 4 in Short Blades
  3169 | D:4      | Found a glowing drain.
  3188 | Sewer    | Entered a sewer
  3569 | Sewer    | Reached XP level 7. HP: 43/48 MP: 7/11
  3613 | Sewer    | Found a burning altar of Makhleb.
  3676 | Sewer    | Reached skill level 4 in Ice Magic
  3680 | Sewer    | Learned a level 3 spell: Frozen Ramparts
  3735 | Sewer    | Reached skill level 3 in Spellcasting
  4127 | D:4      | HP: 12/48 [poisoned by a scorpion]
  4279 | D:4      | Found a staircase to the Ecumenical Temple.
  4285 | Temple   | Entered the Ecumenical Temple
  4286 | Temple   | Upgraded the game from 0.32-a0-886-g41c5271027 to
                  | 0.32-a0-893-gf85d74f360
  4306 | Temple   | Became a worshipper of Sif Muna the Loreminder
  4339 | D:4      | Noticed Robin
  4354 | D:4      | Killed Robin
  4519 | D:4      | Reached skill level 5 in Ice Magic
  4678 | D:4      | Reached skill level 4 in Spellcasting
  4678 | D:4      | Reached XP level 8. HP: 47/54 MP: 10/14
  5076 | D:5      | Entered Level 5 of the Dungeon
  5324 | D:5      | Reached skill level 6 in Ice Magic
  5363 | D:5      | Reached * piety under Sif Muna
  5395 | D:5      | Reached skill level 5 in Spellcasting
  5541 | D:5      | Found a snail-covered altar of Cheibriados.
  5590 | D:5      | Reached skill level 7 in Ice Magic
  5717 | D:5      | Noticed Eustachio
  5746 | D:5      | Killed Eustachio
  5903 | D:5      | Reached skill level 8 in Ice Magic
  5903 | D:5      | Reached skill level 1 in Invocations
  6109 | D:5      | Reached skill level 2 in Invocations
  6258 | D:5      | Noticed Blork the orc
  6330 | D:5      | Reached XP level 9. HP: 47/59 MP: 6/16
  6345 | D:5      | HP: 8/59 [Blork the orc/+2 dire flail of protection (16)]
  6346 | D:5      | Killed Blork the orc
  6347 | D:5      | Reached skill level 3 in Invocations
  6761 | D:6      | Learned a level 3 spell: Hailstorm
  6789 | D:6      | Found Lesozuz's Antique Armour Shop.
  6810 | D:6      | Reached skill level 4 in Invocations
  6824 | D:6      | Bought a glowing hat for 252 gold pieces
  6979 | D:6      | Reached skill level 5 in Invocations
  7000 | D:6      | Reached ** piety under Sif Muna
  7169 | D:6      | Reached skill level 2 in Fighting
  7196 | D:6      | Reached skill level 1 in Conjurations
  7441 | D:6      | Noticed Jeremiah
  7485 | D:6      | Killed Jeremiah
  7486 | D:6      | Reached skill level 3 in Conjurations
  7666 | D:6      | Identified a scroll of acquirement
  7667 | D:6      | Acquired the +2 cloak "Xiasch" {MP+9 Int+3 Slay+2}
  7993 | D:6      | Identified the +8 giant club "Anejupid" {drain, Str+2
                  | Dex+5}
  7993 | D:6      | Noticed Rudyous's ghost (novice HuIE)
  7997 | D:6      | Found a transporter.
  8180 | D:7      | Noticed Maggie
  8187 | D:7      | Killed Maggie
  8188 | D:7      | Reached skill level 1 in Polearms
  8188 | D:7      | Reached skill level 1 in Shields
  8500 | D:7      | Reached skill level 2 in Polearms
  8777 | D:7      | Reached skill level 4 in Conjurations
  8777 | D:7      | Reached skill level 6 in Invocations
  9062 | D:7      | Reached skill level 3 in Polearms
  9062 | D:7      | Reached skill level 2 in Shields
  9144 | D:7      | Reached XP level 10. HP: 67/67 MP: 17/17
  9223 | D:7      | Noticed a manticore
  9228 | D:7      | Killed a manticore
  9344 | D:8      | Reached skill level 4 in Polearms
  9345 | D:8      | Reached skill level 3 in Shields
  9837 | D:8      | You fall into a shaft and drop 1 floor!
  9866 | D:9      | Killed an unseen horror
  9867 | D:9      | Reached skill level 5 in Polearms
  9867 | D:9      | Reached skill level 7 in Invocations
 10176 | D:8      | Reached skill level 5 in Conjurations
 10388 | D:9      | Reached skill level 4 in Shields
 10442 | D:9      | Reached skill level 6 in Polearms
 10532 | D:9      | Noticed a kobold demonologist
 10536 | D:9      | Killed a kobold demonologist
 10537 | D:9      | Reached skill level 8 in Invocations
 10742 | D:9      | Noticed Pikel
 10833 | D:9      | Killed Pikel
 10834 | D:9      | Reached XP level 11. HP: 72/72 MP: 18/19
 10951 | D:9      | Reached *** piety under Sif Muna
 11142 | D:9      | Reached skill level 6 in Hexes
 11215 | D:9      | Noticed Erolcha
 11217 | D:9      | Erolcha changed into Erolcha the black bear
 11217 | D:9      | Noticed Erolcha
 11220 | D:9      | Killed Erolcha the black bear
 11300 | D:9      | Reached skill level 6 in Spellcasting
 11306 | D:9      | Reached skill level 9 in Ice Magic
 11306 | D:9      | Reached skill level 9 in Invocations
 11335 | D:9      | Found a staircase to the Lair.
 11491 | D:9      | HP: 18/72 [unseen horror zombie (4)]
 11510 | D:9      | HP: 12/72 [wight/+4 scimitar of freezing (9)]
 12005 | D:9      | Found an ornate altar of the Wu Jian Council.
 12105 | Lair:1   | Entered Level 1 of the Lair of Beasts
 12131 | Lair:1   | Found a gate leading to a gauntlet.
 12139 | Gauntlet | Entered a Gauntlet
 12139 | Gauntlet | Found a transporter.
 12145 | Gauntlet | Found a runed translucent door.
 12148 | Gauntlet | Found a transporter.
 12149 | Gauntlet | Found a transporter.
 12150 | Gauntlet | Found a transporter.
 12158 | Gauntlet | Found a transporter.
 12161 | Gauntlet | Found a transporter.
 12162 | Gauntlet | Found a transporter.
 12164 | Gauntlet | Noticed a thrashing horror
 12173 | Gauntlet | Found a transporter.
 12174 | Gauntlet | Found a transporter.
 12176 | Gauntlet | Noticed a wretched star
 12182 | Gauntlet | Found a transporter.
 12185 | Gauntlet | Found a transporter.
 12186 | Gauntlet | Found a transporter.
 12197 | Gauntlet | Found a transporter.
 12203 | Gauntlet | Noticed a lightning spire
 12231 | Gauntlet | Found a transporter.
 12293 | Gauntlet | Reached skill level 10 in Ice Magic
 12395 | Gauntlet | Reached skill level 10 in Invocations
 12397 | Gauntlet | Reached **** piety under Sif Muna
 12398 | Gauntlet | Reached skill level 3 in Fighting
 12406 | Gauntlet | Identified the staff "Efaez" {rF+ Fire Alchemy}
 12540 | Gauntlet | Noticed a minotaur
 12607 | Gauntlet | Killed a minotaur
 12608 | Gauntlet | Reached skill level 3 in Dodging
 12736 | Gauntlet | Reached skill level 4 in Fighting
 12736 | Gauntlet | Reached skill level 4 in Dodging
 12901 | Gauntlet | HP: 15/77 [minotaur zombie (15)]
 12905 | Gauntlet | Reached skill level 5 in Dodging
 13272 | Lair:1   | Reached skill level 6 in Dodging
 13329 | Lair:1   | Reached XP level 12. HP: 80/83 MP: 21/21
 13573 | Lair:1   | Reached skill level 7 in Dodging
 13575 | Lair:1   | Reached skill level 5 in Fighting
 13709 | Lair:1   | Reached skill level 8 in Dodging
 13857 | Lair:1   | Found a runed translucent gate.
 13857 | Lair:1   | Found a runed translucent gate.
 13858 | Lair:1   | Found a runed translucent gate.
 13860 | Lair:1   | Noticed Biggs's ghost (journeyman CoHu)
 13862 | Lair:1   | Noticed a great orb of eyes
 13864 | Lair:1   | Found a viscous altar of Jiyva.
 13907 | Lair:1   | Noticed a five-headed hydra
 13917 | Lair:1   | Killed a five-headed hydra
 13918 | Lair:1   | Reached skill level 9 in Dodging
 14543 | Lair:2   | Reached skill level 2 in Evocations
 14716 | Lair:2   | Found a staircase to the Snake Pit.
 14853 | Lair:2   | Identified the +8 halberd "Tusag" {heavy, rF+ rC- Will+
                  | Stlth+}
 15058 | Lair:2   | Identified the +1 robe "Texebbusk" {Rampage rElec rPois
                  | Str+2 Int-2}
 15305 | Lair:3   | Reached skill level 3 in Evocations
 15352 | Lair:3   | Noticed Sonja
 15354 | Lair:3   | Sonja changed into Sonja the crocodile
 15354 | Lair:3   | Noticed Sonja
 15377 | Lair:3   | Killed Sonja the crocodile
 15506 | Lair:3   | Reached skill level 7 in Spellcasting
 15699 | Lair:3   | Found a staircase to the Shoals.
 15967 | Lair:3   | Reached skill level 11 in Invocations
 16173 | Lair:3   | Reached ***** piety under Sif Muna
 16174 | Lair:3   | Reached skill level 11 in Ice Magic
 16272 | Lair:3   | Learned a level 3 spell: Swiftness
 16301 | Lair:4   | Noticed a six-headed hydra
 16310 | Lair:4   | Killed a six-headed hydra
 16311 | Lair:4   | Reached skill level 1 in Air Magic
 16319 | Lair:4   | Reached XP level 13. HP: 79/91 MP: 21/23
 16475 | Lair:4   | Found a shadowy altar of Dithmenos.
 16519 | Lair:4   | Received a gift from Sif Muna
 16520 | Lair:4   | Got Sif Muna's Vademecum on Sciomancy {god gift}
 16599 | Lair:4   | Reached skill level 2 in Air Magic
 16896 | Lair:4   | Found a staircase to the Slime Pits.
 17589 | Lair:5   | Entered Level 5 of the Lair of Beasts
 17597 | Lair:4   | Reached skill level 3 in Air Magic
 17664 | Lair:5   | Learned a level 6 spell: Eringya's Noxious Bog
 17851 | Lair:5   | Reached skill level 1 in Alchemy
 18201 | Lair:5   | Reached skill level 2 in Alchemy
 18315 | Lair:5   | Reached skill level 8 in Spellcasting
 18378 | Lair:5   | Reached skill level 3 in Alchemy
 18740 | Lair:4   | Reached skill level 4 in Alchemy
 18843 | Lair:4   | Reached skill level 12 in Ice Magic
 18950 | Lair:4   | Reached skill level 12 in Invocations
 19169 | Lair:5   | Reached skill level 5 in Alchemy
 19218 | Lair:5   | Reached skill level 6 in Alchemy
 19252 | Lair:5   | Reached skill level 7 in Alchemy
 19419 | Lair:5   | Reached XP level 14. HP: 74/98 MP: 26/26
 19427 | Lair:5   | Reached skill level 13 in Invocations
 19635 | Lair:5   | Reached skill level 8 in Alchemy
 20319 | Lair:5   | Reached skill level 9 in Alchemy
 21455 | Lair:5   | Reached skill level 10 in Alchemy
 21455 | Lair:5   | Reached skill level 14 in Invocations
 21678 | D:10     | Entered Level 10 of the Dungeon
 22196 | D:10     | Received a gift from Sif Muna
 22200 | D:10     | Got Iwned's Verses on Energetic Refrigeration {god gift}
 22205 | D:10     | Learned a level 3 spell: Ozocubu's Armour
 22317 | D:10     | Found a staircase to the Orcish Mines.
 22572 | D:10     | Reached skill level 11 in Alchemy
 23092 | Orc:1    | Entered Level 1 of the Orcish Mines
 23096 | Orc:1    | Found a roughly hewn altar of Beogh.
 23311 | Orc:1    | Found a frozen archway.
 23391 | Orc:1    | Reached skill level 9 in Spellcasting
 23415 | IceCv    | Entered an ice cave
 23969 | IceCv    | HP: 22/98 [constriction (4)]
 23979 | IceCv    | HP: 22/98 [constriction (4)]
 23989 | IceCv    | HP: 15/98 [poison]
 24010 | IceCv    | HP: 22/98 [ice devil (6)]
 24211 | IceCv    | Reached skill level 12 in Alchemy
 24666 | IceCv    | HP: 23/98 [dire elephant simulacrum (14)]
 25098 | IceCv    | Noticed a reaper
 25165 | IceCv    | Killed a reaper
 25982 | Orc:1    | Found a roughly hewn altar of Beogh.
 26162 | Orc:2    | Entered Level 2 of the Orcish Mines
 26213 | Orc:2    | Found a staircase to the Elven Halls.
 26260 | Orc:2    | Found Liosk's Weapon Shop.
 26269 | Orc:2    | Reached XP level 15. HP: 103/103 MP: 28/28
 26302 | Orc:2    | Found Kurchutu's General Store.
 26322 | Orc:2    | Noticed an orc warlord
 26335 | Orc:2    | Reached skill level 13 in Alchemy
 26359 | Orc:2    | Reached skill level 10 in Spellcasting
 26362 | Orc:2    | Received a gift from Sif Muna
 26372 | Orc:2    | Found Zalaxt's Book Shoppe.
 26398 | Orc:2    | Found Wyleb's Book Emporium.
 26416 | Orc:2    | Killed an orc warlord
 26417 | Orc:2    | Reached skill level 14 in Alchemy
 26643 | Orc:2    | Got Sif Muna's Dissertation on Supplementary Spells {god
                  | gift}
 26657 | Orc:2    | Learned a level 4 spell: Ignite Poison
 27157 | Orc:2    | Bought a potion of lignification for 42 gold pieces
 27157 | Orc:2    | Bought a potion of brilliance for 56 gold pieces
 27157 | Orc:2    | Bought a scroll of immolation for 56 gold pieces
 27272 | Orc:2    | Found Tidealoe's Weapon Shoppe.
 27277 | Orc:2    | Found Ysoteq's Magic Scroll Shop.
 27284 | Orc:2    | Bought a scroll of enchant weapon for 97 gold pieces
 27286 | Orc:2    | Found Ylayn's Weapon Shop.
 27288 | Orc:2    | Found Doecs's Distillery.
 27298 | Orc:2    | Bought a potion of ambrosia for 112 gold pieces
 27375 | Orc:2    | Reached skill level 1 in Fire Magic
 27779 | Orc:1    | Reached skill level 15 in Alchemy
 28198 | D:11     | Noticed Amaemon
 28207 | D:11     | Killed Amaemon
 28500 | D:12     | Noticed Kirke
 28581 | D:11     | Reached skill level 16 in Alchemy
 28596 | D:11     | Received a gift from Sif Muna
 28605 | D:11     | Learned a level 6 spell: Permafrost Eruption
 28866 | D:11     | Reached skill level 6 in Fighting
 29102 | D:11     | Identified the +3 battleaxe "Kauti Wiymm" {chaos, *Noise
                  | Fly Str+5}
 29251 | D:11     | Reached skill level 1 in Earth Magic
 29507 | D:11     | Reached skill level 2 in Earth Magic
 29985 | D:11     | Reached skill level 3 in Earth Magic
 30110 | D:11     | Got Dispater's Elucidation of Convocation
 30649 | D:12     | Found Miq Fee's Antique Weapon Shoppe.
 30751 | D:12     | Found Edghut's Assorted Antiques.
 30766 | D:12     | Bought an encrusted glass ring for 90 gold pieces
 30991 | D:12     | Reached skill level 13 in Ice Magic
 30991 | D:12     | Reached XP level 16. HP: 111/111 MP: 30/30
 31207 | D:12     | Killed Kirke
 31208 | D:12     | Reached skill level 4 in Earth Magic
 31449 | D:12     | Found Fahics's Armour Shop.
 31840 | D:13     | Received a gift from Sif Muna
 32359 | D:13     | Identified the +9 falchion of Sunlight {freeze, rC+}
 32651 | D:14     | Found Efikeibi's Tremendous Tomes.
 33190 | D:14     | Found a gate to the Vaults.
 33238 | D:14     | Found a runed translucent door.
 33243 | D:14     | Noticed Qialy's ghost (journeyman OpFi)
 33539 | D:14     | Reached skill level 5 in Earth Magic
 34232 | D:15     | Entered Level 15 of the Dungeon
 34508 | D:14     | HP: 27/111 [poisoned by a meliai]
 34508 | D:14     | HP: 13/111 [meliai/+0 war axe (5)]
 34513 | D:14     | HP: 12/111 [poisoned by a meliai]
 35074 | D:15     | Reached skill level 14 in Ice Magic
 35141 | D:15     | Found a radiant altar of Vehumet.
 35508 | D:15     | Found a staircase to the Depths.
 35806 | D:15     | Reached skill level 11 in Spellcasting
 35890 | D:15     | Reached skill level 6 in Earth Magic
 36352 | D:2      | Killed Sigmund
 36437 | D:3      | Killed EvilEddieB's ghost
 36442 | D:3      | Identified the +0 rapier of Governance {drain, rElec Str-4
                  | Int+4}
 36471 | D:3      | Killed Terence
 36602 | D:6      | Found a transporter.
 36610 | D:6      | Killed Rudyous's ghost
 36789 | D:14     | Bought Sif Muna's Tractate on Jinxed Chrysopoeia for 1056
                  | gold pieces
 36795 | D:14     | Learned a level 5 spell: Irradiate
 36959 | Shoals:1 | Entered Level 1 of the Shoals
 37495 | Shoals:1 | Found Bohaepud's Self-Improvement Boutique.
 37594 | Shoals:1 | Received a gift from Sif Muna
 37595 | Shoals:1 | Got Sif Muna's Incunabulum of Familiar Firn {god gift}
 38005 | Shoals:1 | Reached XP level 17. HP: 101/117 MP: 17/32
 39103 | Shoals:2 | Noticed Ilsuiw
 39344 | Shoals:2 | Killed Ilsuiw
 39345 | Shoals:2 | Reached skill level 5 in Shields
 39349 | Shoals:2 | Reached skill level 6 in Conjurations
 39407 | Shoals:2 | Reached skill level 7 in Earth Magic
 39833 | Shoals:2 | HP: 29/117 [poisoned by a sea snake]
 39838 | Shoals:2 | HP: 25/117 [poisoned by a sea snake]
 40682 | Shoals:3 | Reached skill level 15 in Ice Magic
 41576 | Shoals:3 | Noticed Bai Suzhen
 41594 | Shoals:3 | HP: 18/117 [Bai Suzhen] (33)]
 41597 | Shoals:3 | Killed Bai Suzhen
 41598 | Shoals:3 | Reached skill level 12 in Spellcasting
 42658 | Shoals:4 | Entered Level 4 of the Shoals
 43050 | Shoals:4 | Reached skill level 7 in Conjurations
 43283 | Shoals:4 | Reached skill level 8 in Earth Magic
 43958 | Shoals:4 | Found Kukkuo's Specific Store.
 43969 | Shoals:4 | Found Atom Zizo's General Store.
 44417 | Shoals:4 | Reached skill level 16 in Ice Magic
 44711 | Shoals:4 | Identified the ring of Daisies {Fly rCorr Slay+2}
 44761 | Shoals:4 | Reached skill level 8 in Conjurations
 44776 | Shoals:4 | Reached XP level 18. HP: 90/123 MP: 2/34
 45103 | Shoals:4 | HP: 25/123 [manticore/volley of spikes (15)]
 45374 | Shoals:4 | Got the Annotations on the Lapidarian Autopsy
 45477 | Shoals:4 | Got a barnacled rune of Zot
 46666 | Snake:1  | Entered Level 1 of the Snake Pit
 46689 | Snake:1  | Received a gift from Sif Muna
 46690 | Snake:1  | Got Sif Muna's Writings on Gelid Conjuring {god gift}
 46864 | Lair:2   | Learned a level 5 spell: Yara's Violent Unravelling
 47521 | Snake:1  | Found Jukepte's Overcharged Wands.
 47529 | Snake:1  | Bought a wand of digging (11) for 693 gold pieces
 47902 | Snake:1  | Found Sem Ixzym's Jewellery Shop.
 48159 | Snake:1  | Reached skill level 9 in Conjurations
 48306 | Snake:1  | Reached skill level 9 in Earth Magic
 48429 | Snake:1  | Reached skill level 17 in Ice Magic
 49599 | Snake:2  | Identified the +2 chain mail of Yntemole {rC- Regen+ Int+3
                  | SInv}
 49788 | Snake:2  | Noticed Vashnia
 49799 | Snake:2  | Killed Vashnia
 50102 | Snake:2  | Found Kekyzxu's Assorted Antiques.
 50107 | Snake:2  | Bought a knobbly ruby ring for 90 gold pieces
 50107 | Snake:2  | Bought an opal ring for 90 gold pieces
 50505 | Snake:3  | Received a gift from Sif Muna
 50506 | Snake:3  | Got Sif Muna's Secrets of Niveous Erosion {god gift}
 51201 | Snake:3  | Reached XP level 19. HP: 129/129 MP: 29/35
 51445 | Snake:3  | Reached skill level 10 in Conjurations
 51448 | Snake:3  | Reached skill level 10 in Earth Magic
 51921 | Snake:3  | Identified the serpent talisman of the Freezing Gods
                  | {Str+5}
 51921 | Snake:3  | Noticed Aizul
 51924 | Snake:3  | Reached skill level 18 in Ice Magic
 51926 | Snake:3  | Killed Aizul
 52110 | Snake:3  | Found Kocoj Sexoe's Distillery.
 52555 | Snake:4  | Entered Level 4 of the Snake Pit
 53132 | Snake:4  | Received a gift from Sif Muna
 53361 | Snake:4  | Reached skill level 10 in Dodging
 53365 | Snake:4  | Reached skill level 7 in Fighting
 54805 | Snake:4  | Got a serpentine rune of Zot
 55378 | Snake:1  | Bought the ring of the Death Scarab {rElec Dex+3 SInv} for
                  | 494 gold pieces
 55603 | Elf:1    | Entered Level 1 of the Elven Halls
 55743 | Elf:1    | Upgraded the game from 0.32-a0-893-gf85d74f360 to
                  | 0.32-a0-898-g7811c86cf0
 55748 | Elf:1    | Reached skill level 11 in Dodging
 55756 | Elf:1    | Reached skill level 8 in Fighting
 56170 | Elf:1    | Received a gift from Sif Muna
 56171 | Elf:1    | Got Sif Muna's Handbook of Striking and the Inferno {god
                  | gift}
 56410 | Elf:1    | Identified the +11 spear of the Five Suns {speed, Int+4}
 56424 | Elf:1    | Reached skill level 19 in Ice Magic
 57013 | Elf:2    | Found a crumbling gateway.
 57040 | Desolati | Entered the Desolation of Salt
 57083 | Desolati | Reached XP level 20. HP: 92/143 MP: 0/36
 57203 | Desolati | Reached skill level 9 in Fighting
 57203 | Desolati | Reached skill level 12 in Dodging
 57330 | Desolati | Reached skill level 4 in Evocations
 57612 | Desolati | Identified the +5 mace of Vumur {speed, rF+ Str+3}
 57783 | Desolati | Identified the +8 plate armour "Osofukhlo" {Will+ Dex+3}
 57796 | Desolati | Identified the +8 rapier of Valour {speed, rN+}
 57798 | Desolati | Identified the +2 chain mail of Cheibriados's Hope {Fly rC+
                  | Dex+3}
 58130 | Desolati | Got Gacey's Grimoire of Vibrant Venom
 58754 | Elf:2    | Identified the +3 robe of Soerolela {rPois Int+4}
 58889 | Elf:2    | Found a runed translucent gate.
 58890 | Elf:2    | Found a runed translucent gate.
 58890 | Elf:2    | Found a runed translucent gate.
 59269 | Elf:2    | Reached skill level 5 in Evocations
 59275 | Elf:2    | HP: 31/147 [+2 trident of freezing (15)]
 59277 | Elf:2    | Slain by a +3 heavy dire flail

Illustrated notes

Levels and vault maps discovered:
D:1:      reono_arrival_forest_river, layout_basic
D:2:      layout_basic, dreamdust_princess_bridge, uniq_sigmund
D:3:      layout_loops_ring, gammafunk_ghost_stat_death, uniq_grinder,
          uniq_terence, uniq_ijyb
D:4:      minmay_evil_eye, layout_loops_ring, minmay_temple_entry_tees,
          gup_sewer_entry_spiral, uniq_robin
D:5:      layout_gridville, kennysheep_slug_shrine, cheibrodos_gnoll_hut,
          uniq_blork_the_orc, uniq_eustachio
D:6:      layout_basic, serial_shops, shop, gammafunk_ghost_smash, uniq_jeremiah
D:7:      layout_basic, uniq_maggie
D:8:      layout_loops_ring
D:9:      layout_irregular_city, pdpol_wu_jian_five_deadly_venoms,
          grunt_lair_entry_orc_guard_hut, serial_undead, serial_undead_f,
          serial_undead_b, serial_undead_f, serial_undead_f, serial_undead_b,
          serial_undead_a, serial_undead_e, serial_undead_f, serial_undead_a,
          serial_undead_f, uniq_pikel, uniq_erolcha
D:10:     layout_basic, orc_0_dummy, nzn_random_ring
D:11:     minmay_the_grid_octo_tiled_squarecenter_mashed
          [minmay_the_grid_octo_empty, minmay_the_grid_octo_clover,
          minmay_the_grid_octo_77, minmay_the_grid_octo_focus,
          minmay_the_grid_square_5x5_megaprize_open,
          minmay_the_grid_square_5x5_half_checkered,
          minmay_the_grid_square_5x5_minimal, minmay_the_grid_square_5x5_bite,
          minmay_the_grid_square_5x5_six_small], layout_cave_pools, uniq_amaemon
D:12:     layout_long_grid, serial_shops, shop, nicolae_square_shop, shop,
          einodemon_armed_red_devil_minivault, uniq_kirke
D:13:     layout_irregular_city
D:14:     layout_loops_corners, david_vaults_1, ebering_ghost_reflecting_pool,
          nicolae_shop_i_like_big_books
D:15:     grunt_enter_depths_giant_problem, layout_irregular_city,
          nicolae_vehumet_radiance, nicolae_concentric_dashed_squares_mild,
          hangedman_abyss_or_decor_clamps
Temple:   nicolae_temple_slightly_damp_pantheon
Lair:1:   layout_regular_city, gammafunk_ghost_ooze, gauntlet_entry_generic,
          serial_bayou_lake_a, lemuel_fruit_fields
Lair:2:   layout_big_grid, guppyfry_snake_entry_garden
Lair:3:   layout_roguey, elwin_shoals_entry_rocks, infiniplex_staircase_pool_2,
          uniq_sonja
Lair:4:   layout_regular_city, nicolae_slime_entry_slimehenge, serial_forest,
          infiniplex_forest_end_1, infiniplex_forest_zigzag_1,
          infiniplex_forest_side_room, infiniplex_forest_side_room,
          infiniplex_forest_clump_long, infiniplex_forest_clump_large,
          infiniplex_forest_lined_room_2, infiniplex_forest_lined_2,
          infiniplex_forest_clump_diagonal, infiniplex_forest_straight_3,
          lookout_lair_type, pdpol_lair_neglected_garden, lemuel_centaur_altar,
          infiniplex_staircase_pool
Lair:5:   wormcave, layout_cave_pods, hangedman_lair_caniforms_friends
Shoals:1: cheibrodos_shoals_three_sisters, layout_shoals, nicolae_shop_self_help
Shoals:2: layout_shoals, uniq_ilsuiw
Shoals:3: layout_shoals, nicolae_shoals_bring_sunscreen, uniq_bai_suzhen
Shoals:4: shoals_end_simple, layout_shoals, nicolae_specific_store
Snake:1:  hangedman_cross_veins, layout_cave_pods, serial_shops, shop,
          nicolae_shop_overcharged_wands
Snake:2:  layout_gridlike, serial_shops, nicolae_shop_pleasant_corner_grove,
          serial_bayou_shore_b, uniq_vashnia
Snake:3:  layout_rooms, serial_shops, shop_coins, uniq_aizul
Snake:4:  minmay_snake_end_coiled, layout_onion
Orc:1:    dreamdust_under_siege, layout_diamond_mine, portal_ice_cave_rime,
          nicolae_orc_beogh_chapel
Orc:2:    st_orc_elflike, layout_caves, serial_shops, shop, shop, shop, shop,
          nooodl_orcs_dogs
Elf:1:    eino_elf_arrival_shootout, layout_loops_cross, minmay_elf_necromancy
Elf:2:    nicolae_elf_blades_crystal_corner, layout_geoelf_octagon,
          portal_desolation_entry_nicolae_slug, uniq_saint_roka

Skill      XL: |  1  2  3  4  5  6  7  8  9 10 11 12 13 14 15 16 17 18 19 20 |
---------------+-------------------------------------------------------------+-----
Short Blades   | 2 4 |  4.0
Stealth        | 4 |  4.0
Ice Magic      | 1 3 5 8 10 11 12 13 14 16 17 19 | 19.5
Fighting       | 1 2 4 5 6 8 9 |  9.8
Hexes          | 5 6 |  6.0
Evocations     | 1 3 5 |  5.0
Spellcasting   | 4 5 6 7 8 9 10 11 12 | 12.0
Invocations    | 2 6 8 10 11 12 14 | 14.9
Conjurations   | 4 5 8 9 10 | 10.0
Polearms       | 3 6 |  6.0
Shields        | 2 4 5 |  5.0
Dodging        | 6 9 11 12 | 12.8
Air Magic      | 1 3 |  3.0
Alchemy        | 7 12 16 | 16.0
Fire Magic     | 1 |  1.0
Earth Magic    | 3 6 8 9 10 | 10.3

Action                     |  1- 3 |  4- 6 |  7- 9 | 10-12 | 13-15 | 16-18 | 19-21 || total
---------------------------+-------+-------+-------+-------+-------+-------+-------++-------
  Melee: Dagger            |    97 |   105 |   190 |       |       |       |       ||   392
         Tailslap          |       |     6 |       |     4 |    30 |     4 |     2 ||    46
         Trident           |       |       |    22 |   340 |   590 |   127 |    32 ||  1111
         Staff             |       |       |     2 |    16 |    67 |    75 |    23 ||   183
         Eveningstar       |       |       |       |       |       |       |     3 ||     3
   Fire: Sling             |    17 |    32 |    36 |       |       |       |       ||    85
  Throw: Dart              |       |       |       |     6 |    18 |     5 |       ||    29
         Boomerang         |       |       |       |       |     5 |       |       ||     5
   Cast: Ensorcelled Hiber |     5 |     9 |    28 |       |       |       |       ||    42
         Confusing Touch   |     1 |     1 |     5 |    21 |    10 |     2 |       ||    40
         Frozen Ramparts   |       |       |    26 |    43 |    85 |    26 |       ||   180
         Tukima's Dance    |       |       |     7 |       |       |       |       ||     7
         Hailstorm         |       |       |    37 |   128 |   199 |    19 |       ||   383
         Eringya's Noxious |       |       |       |       |   100 |    31 |    20 ||   151
         Ozocubu's Armour  |       |       |       |       |    24 |    11 |       ||    35
         Ignite Poison     |       |       |       |       |    23 |    18 |     6 ||    47
         Permafrost Erupti |       |       |       |       |       |   383 |   257 ||   640
         Irradiate         |       |       |       |       |       |    63 |    29 ||    92
         Yara's Violent Un |       |       |       |       |       |     3 |    12 ||    15
         Polar Vortex      |       |       |       |       |       |       |     1 ||     1
 Invoke: Channel Magic     |       |       |     1 |       |     3 |     7 |    18 ||    29
         Forget Spell      |       |       |       |       |       |     1 |       ||     1
         Divine Exegesis   |       |       |       |       |       |       |     1 ||     1
  Evoke: Wand              |       |       |     1 |     5 |    11 |     6 |       ||    23
    Use: Scroll            |     3 |       |     4 |     8 |    11 |     9 |     3 ||    38
         Potion            |       |       |       |     3 |     3 |     4 |     2 ||    12
   Stab: Sleeping          |     8 |    11 |    24 |     1 |     7 |     1 |       ||    52
         Confused          |     2 |     1 |     9 |    36 |    13 |     2 |       ||    63
 Armour: Robe              |    41 |    52 |   133 |   134 |   298 |   218 |   111 ||   987
         Steam dragon scal |       |       |    10 |    49 |       |       |       ||    59
  Dodge: Dodged            |    57 |    76 |    98 |   188 |   617 |   403 |   121 ||  1560
  Block: Other             |     7 |    20 |    45 |       |       |       |       ||    72
         Reflection        |       |       |     3 |     4 |    40 |    25 |    14 ||    86
         Buckler           |       |       |     4 |   147 |   400 |   229 |    68 ||   848
         Kite shield       |       |       |       |       |     2 |       |       ||     2

Table legend: (Time is in decaauts)
 A = Elapsed time spent in this place.
 B = Non-inter-level travel time spent in this place.
 C = Inter-level travel time spent in this place.
 D = Time resting spent in this place.
 E = Time spent auto-exploring this place.
 F = Levels seen in this place.
 G = Mean time per level.
                   A        B        C        D        E       F      G
               +--------+--------+--------+--------+--------+-----+--------+
         Total |  58227 |  55562 |   2665 |   9368 |  36495 |  37 | 1573.7 |
       Dungeon |  21676 |  20262 |   1414 |   1077 |  15460 |  15 | 1445.1 |
        Temple |     42 |      1 |     41 |      0 |      0 |   1 |   42.0 |
          Lair |   9189 |   8794 |    395 |    978 |   6054 |   5 | 1837.8 |
        Shoals |   8519 |   8309 |    210 |   2717 |   4658 |   4 | 2129.8 |
     Snake Pit |   8672 |   8374 |    298 |   2495 |   4969 |   4 | 2168.0 |
  Orcish Mines |   2911 |   2647 |    264 |    387 |   1676 |   2 | 1455.5 |
   Elven Halls |   1951 |   1911 |     40 |     60 |   1576 |   2 |  975.5 |
         Sewer |    687 |    687 |      0 |    100 |    297 |   1 |  687.0 |
      Ice Cave |   2052 |   2052 |      0 |    919 |    601 |   1 | 2052.0 |
    Desolation |   1577 |   1577 |      0 |      7 |   1203 |   1 | 1577.0 |
      Gauntlet |    947 |    947 |      0 |    627 |      0 |   1 |  947.0 |
               +--------+--------+--------+--------+--------+-----+--------+

Top non-repeatable levels by time:
  Lair:5: 3673 daAuts
Shoals:3: 2598 daAuts
 Snake:1: 2445 daAuts
 Snake:2: 2285 daAuts
Shoals:4: 2262 daAuts
   IceCv: 2052 daAuts
    D:14: 1997 daAuts
 Snake:3: 1993 daAuts
    D:11: 1988 daAuts
 Snake:4: 1948 daAuts
    D:10: 1931 daAuts
     D:9: 1841 daAuts
Shoals:1: 1830 daAuts
Shoals:2: 1827 daAuts
     D:5: 1724 daAuts

Levels and vault maps discovered:
D:1:      reono_arrival_forest_river, layout_basic
D:2:      layout_basic, dreamdust_princess_bridge, uniq_sigmund
D:3:      layout_loops_ring, gammafunk_ghost_stat_death, uniq_grinder,
          uniq_terence, uniq_ijyb
D:4:      minmay_evil_eye, layout_loops_ring, minmay_temple_entry_tees,
          gup_sewer_entry_spiral, uniq_robin
D:5:      layout_gridville, kennysheep_slug_shrine, cheibrodos_gnoll_hut,
          uniq_blork_the_orc, uniq_eustachio
D:6:      layout_basic, serial_shops, shop, gammafunk_ghost_smash, uniq_jeremiah
D:7:      layout_basic, uniq_maggie
D:8:      layout_loops_ring
D:9:      layout_irregular_city, pdpol_wu_jian_five_deadly_venoms,
          grunt_lair_entry_orc_guard_hut, serial_undead, serial_undead_f,
          serial_undead_b, serial_undead_f, serial_undead_f, serial_undead_b,
          serial_undead_a, serial_undead_e, serial_undead_f, serial_undead_a,
          serial_undead_f, uniq_pikel, uniq_erolcha
D:10:     layout_basic, orc_0_dummy, nzn_random_ring
D:11:     minmay_the_grid_octo_tiled_squarecenter_mashed
          [minmay_the_grid_octo_empty, minmay_the_grid_octo_clover,
          minmay_the_grid_octo_77, minmay_the_grid_octo_focus,
          minmay_the_grid_square_5x5_megaprize_open,
          minmay_the_grid_square_5x5_half_checkered,
          minmay_the_grid_square_5x5_minimal, minmay_the_grid_square_5x5_bite,
          minmay_the_grid_square_5x5_six_small], layout_cave_pools, uniq_amaemon
D:12:     layout_long_grid, serial_shops, shop, nicolae_square_shop, shop,
          einodemon_armed_red_devil_minivault, uniq_kirke
D:13:     layout_irregular_city
D:14:     layout_loops_corners, david_vaults_1, ebering_ghost_reflecting_pool,
          nicolae_shop_i_like_big_books
D:15:     grunt_enter_depths_giant_problem, layout_irregular_city,
          nicolae_vehumet_radiance, nicolae_concentric_dashed_squares_mild,
          hangedman_abyss_or_decor_clamps
Temple:   nicolae_temple_slightly_damp_pantheon
Lair:1:   layout_regular_city, gammafunk_ghost_ooze, gauntlet_entry_generic,
          serial_bayou_lake_a, lemuel_fruit_fields
Lair:2:   layout_big_grid, guppyfry_snake_entry_garden
Lair:3:   layout_roguey, elwin_shoals_entry_rocks, infiniplex_staircase_pool_2,
          uniq_sonja
Lair:4:   layout_regular_city, nicolae_slime_entry_slimehenge, serial_forest,
          infiniplex_forest_end_1, infiniplex_forest_zigzag_1,
          infiniplex_forest_side_room, infiniplex_forest_side_room,
          infiniplex_forest_clump_long, infiniplex_forest_clump_large,
          infiniplex_forest_lined_room_2, infiniplex_forest_lined_2,
          infiniplex_forest_clump_diagonal, infiniplex_forest_straight_3,
          lookout_lair_type, pdpol_lair_neglected_garden, lemuel_centaur_altar,
          infiniplex_staircase_pool
Lair:5:   wormcave, layout_cave_pods, hangedman_lair_caniforms_friends
Shoals:1: cheibrodos_shoals_three_sisters, layout_shoals, nicolae_shop_self_help
Shoals:2: layout_shoals, uniq_ilsuiw
Shoals:3: layout_shoals, nicolae_shoals_bring_sunscreen, uniq_bai_suzhen
Shoals:4: shoals_end_simple, layout_shoals, nicolae_specific_store
Snake:1:  hangedman_cross_veins, layout_cave_pods, serial_shops, shop,
          nicolae_shop_overcharged_wands
Snake:2:  layout_gridlike, serial_shops, nicolae_shop_pleasant_corner_grove,
          serial_bayou_shore_b, uniq_vashnia
Snake:3:  layout_rooms, serial_shops, shop_coins, uniq_aizul
Snake:4:  minmay_snake_end_coiled, layout_onion
Orc:1:    dreamdust_under_siege, layout_diamond_mine, portal_ice_cave_rime,
          nicolae_orc_beogh_chapel
Orc:2:    st_orc_elflike, layout_caves, serial_shops, shop, shop, shop, shop,
          nooodl_orcs_dogs
Elf:1:    eino_elf_arrival_shootout, layout_loops_cross, minmay_elf_necromancy
Elf:2:    nicolae_elf_blades_crystal_corner, layout_geoelf_octagon,
          portal_desolation_entry_nicolae_slug, uniq_saint_roka

Table legend: (Time is in decaauts)
 A = Elapsed time spent in this place.
 B = Non-inter-level travel time spent in this place.
 C = Inter-level travel time spent in this place.
 D = Time resting spent in this place.
 E = Time spent auto-exploring this place.
 F = Levels seen in this place.
 G = Mean time per level.
                   A        B        C        D        E       F      G
               +--------+--------+--------+--------+--------+-----+--------+
         Total |  58227 |  55562 |   2665 |   9368 |  36495 |  37 | 1573.7 |
       Dungeon |  21676 |  20262 |   1414 |   1077 |  15460 |  15 | 1445.1 |
        Temple |     42 |      1 |     41 |      0 |      0 |   1 |   42.0 |
          Lair |   9189 |   8794 |    395 |    978 |   6054 |   5 | 1837.8 |
        Shoals |   8519 |   8309 |    210 |   2717 |   4658 |   4 | 2129.8 |
     Snake Pit |   8672 |   8374 |    298 |   2495 |   4969 |   4 | 2168.0 |
  Orcish Mines |   2911 |   2647 |    264 |    387 |   1676 |   2 | 1455.5 |
   Elven Halls |   1951 |   1911 |     40 |     60 |   1576 |   2 |  975.5 |
         Sewer |    687 |    687 |      0 |    100 |    297 |   1 |  687.0 |
      Ice Cave |   2052 |   2052 |      0 |    919 |    601 |   1 | 2052.0 |
    Desolation |   1577 |   1577 |      0 |      7 |   1203 |   1 | 1577.0 |
      Gauntlet |    947 |    947 |      0 |    627 |      0 |   1 |  947.0 |
               +--------+--------+--------+--------+--------+-----+--------+

Top non-repeatable levels by time:
  Lair:5: 3673 daAuts
Shoals:3: 2598 daAuts
 Snake:1: 2445 daAuts
 Snake:2: 2285 daAuts
Shoals:4: 2262 daAuts
   IceCv: 2052 daAuts
    D:14: 1997 daAuts
 Snake:3: 1993 daAuts
    D:11: 1988 daAuts
 Snake:4: 1948 daAuts
    D:10: 1931 daAuts
     D:9: 1841 daAuts
Shoals:1: 1830 daAuts
Shoals:2: 1827 daAuts
     D:5: 1724 daAuts

Table legend:
 A = Kills in this place as a percentage of kills in the entire game.
 B = Kills by you in this place as a percentage of kills by you in the entire game.
 C = Kills by friends in this place as a percentage of kills by friends in the entire game.
 D = Other kills in this place as a percentage of other kills in the entire game.
 E = Experience gained in this place as a percentage of experience gained in the entire game.
 F = Experience gained in this place divided by the number of levels of this place that you have seen.
                   A       B       C       D       E      F
               +-------+-------+-------+-------+-------+----------------------
         Total | 100.0 | 100.0 | 100.0 | 100.0 | 100.0 | 11961.5
       Dungeon |  32.7 |  32.5 | 100.0 |  50.0 |  18.9 | 5582.4
          Lair |  15.9 |  16.0 |   0.0 |   0.0 |  11.9 | 10541.0
        Shoals |  12.1 |  12.1 |   0.0 |   0.0 |  20.8 | 23006.0
     Snake Pit |  15.3 |  15.3 |   0.0 |  50.0 |  23.8 | 26318.8
  Orcish Mines |   8.2 |   8.3 |   0.0 |   0.0 |   5.0 | 11133.0
   Elven Halls |   4.9 |   4.9 |   0.0 |   0.0 |   8.8 | 19544.0
         Sewer |   2.0 |   2.0 |   0.0 |   0.0 |   0.1 | 336.0
      Ice Cave |   1.7 |   1.7 |   0.0 |   0.0 |   1.1 | 4925.0
    Desolation |   6.4 |   6.4 |   0.0 |   0.0 |   8.9 | 39580.0
      Gauntlet |   0.8 |   0.8 |   0.0 |   0.0 |   0.6 | 2639.0
               +-------+-------+-------+-------+-------+----------------------
